 Dungeon Crawl Stone Soup version 0.30-a0-250-g41c1d76940 (console) character file.

Game seed: 5434578487056246615

72 jejorda2 the Poker (level 4, 27/41 HPs)
             Began as a Minotaur Berserker on Oct 12, 2022.
             Was a Believer of Trog.
             Quit the game on level 4 of the Dungeon.
             The game lasted 00:02:51 (899 turns).

jejorda2 the Poker (Minotaur Berserker)              Turns: 899, Time: 00:02:51

Health: 27/41      AC:  3    Str: 23    XL:     4   Next: 6%
Magic:  3/3        EV: 11    Int:  4    God:    Trog [**....]
Gold:   48         SH:  0    Dex: 10    Spells: 3/3 levels left

rFire   . . .      SeeInvis .    a - +3 trident
rCold   . . .      Faith    .    (no shield)
rNeg    . . .      Spirit   .    j - +0 leather armour
rPois   .          Reflect  .    (helmet restricted)
rElec   .          Harm     .    (no cloak)
rCorr   .          Rampage  .    (no gloves)
Will    .....                    (no boots)
Stlth   +.........               (no amulet)
HPRegen 0.26/turn                (no ring)
MPRegen 0.08/turn                (no ring)

@: on berserk cooldown, slowed, very slow
A: horns 2, retaliatory headbutt
a: Renounce Religion, Berserk, Trog's Hand


You were on level 4 of the Dungeon.
You worshipped Trog.
Trog was pleased with you.
You visited 1 branch of the dungeon, and saw 3 of its levels.

You collected 48 gold pieces.

Inventory:

Hand Weapons
 a - a +3 trident (weapon)
Missiles
 c - 12 stones (quivered)
 o - 3 boomerangs
Armour
 j - a +0 leather armour (worn)
Scrolls
 h - a scroll of torment {unknown}
 i - a scroll of blinking {unknown}
 k - a scroll of poison {unknown}
 m - a scroll of noise {unknown}
 n - a scroll of fear {unknown}
Potions
 b - a potion of lignification {unknown}
 d - a potion of invisibility {unknown}
 e - a potion of might {unknown}
 f - 3 potions of curing {unknown}
 g - a potion of degeneration {unknown}
 l - a potion of heal wounds {unknown}


   Skills:
 + Level 4.3 Fighting
 * Level 5.0 Polearms
 + Level 3.3 Armour
 - Level 2.1 Dodging


You had 3 spell levels left.
You didn't know any spells.
Your spell library was empty.

Dungeon Overview and Level Annotations

Branches:
Dungeon (2/15)

Altars:


Innate Abilities, Weirdness & Mutations

You have a pair of horns on your head.
You reflexively headbutt those who attack you in melee.


Message History

Your unstable footing causes you to fumble your attack.
You puncture the orc priest! Your headbutt misses the orc priest.
The orc priest is almost dead.
The orc priest hits you with a +0 club.
Your unstable footing causes you to fumble your attack.
Your unstable footing causes you to fumble your attack.
The orc priest looks braver for a moment.
You barely miss the orc priest.
The orc priest is almost dead.
You puncture the orc priest!
You kill the orc priest!
Trog accepts your kill.
Your Polearms skill increases to level 5!
You have reached level 4!
You feel agile.
Press: ? - help, v - describe, . - travel, g - get item
Items here: ) †.
The floor.
Items here: ) †.
You feel a strong urge to attack something.
You are no longer berserk.
You are exhausted.
You feel yourself slow down.
Items here: ) †.
o - a +3 trident (weapon)
You drop a +0 spear.
Adjust (i)tems, (s)pells, or (a)bilities?
o - a +3 trident (weapon)
Adjust to which letter? (? for menu, Esc to quit)
a - a +3 trident (weapon)
Press: ? - help, v - describe, . - travel, g - get item
Items here: ( ).
Some shallow water.
You enter the shallow water.
Moving in this stuff is going to be slow.
Items here: ( ).
o - 3 boomerangs Why would you want to do that?
Why would you want to do that?
Are you sure you want to abandon this character and quit the game? (Confirm with "yes".)

# #.### ... ##.#####
#..~...########
#..~~@).......#
###..~~≈P.#####.#
.....~~~~)..####.####
.###.~~~....#.......#
#..........#.##.##.#
#.##..#...... #.# # #
#..###..?....# ....
##.###### ..... .#


There were no monsters in sight!

Vanquished Creatures
  An orc priest (D:4)
  2 orcs (D:4)
  8 endoplasms (D:1)
  5 giant cockroaches
  3 goblins (D:1)
  4 hobgoblins (D:1)
  5 kobolds (D:1)
  5 ball pythons (D:1)
  A frilled lizard (D:1)
  2 rats (D:1)
36 creatures vanquished.

Notes
Turn   | Place    | Note
-------+----------+-------------------------------------------
     0 | D:1      | jejorda2 the Minotaur Berserker began the quest for the
                  | Orb.
     0 | D:1      | Reached XP level 1. HP: 19/19 MP: 0/0
   150 | D:1      | Reached skill level 4 in Polearms
   173 | D:1      | Reached XP level 2. HP: 26/27 MP: 1/1
   588 | D:1      | Reached ** piety under Trog
   589 | D:1      | Reached XP level 3. HP: 33/33 MP: 2/2
   867 | D:2      | You fall into a shaft and drop 2 floors!
   892 | D:4      | Reached skill level 5 in Polearms
   892 | D:4      | Reached XP level 4. HP: 38/41 MP: 3/3
   899 | D:4      | Quit the game

Illustrated notes

Levels and vault maps discovered:
D:1:      eino_arrival_water_star, layout_basic, minmay_unequal
D:2:      layout_loops_cross, minmay_tree_intersection
D:4:      layout_loops_cross, gammafunk_temple_overflow_arena,
          nzn_wu_jian_council_hall, temple_fountains, serial_undead,
          serial_undead_f, serial_undead_b, serial_undead_d, serial_undead_a

Skill      XL: |  1  2  3 |
---------------+----------+-----
Polearms       | 4 5 |  5.0
Fighting       | 4 |  4.3
Armour         | 3 |  3.3
Dodging        | |  2.1

Action                   |  1- 3 |  4- 6 || total
-------------------------+-------+-------++-------
Melee: Spear             |    90 |       ||    90
       Headbutt          |     9 |       ||     9
Invok: Berserk           |     1 |       ||     1
 Stab: Sleeping          |     1 |       ||     1
Armor: Leather armour    |     6 |       ||     6
       Animal skin       |     3 |       ||     3
Dodge: Dodged            |    19 |       ||    19

Table legend: (Time is in decaauts)
 A = Elapsed time spent in this place.
 B = Non-inter-level travel time spent in this place.
 C = Inter-level travel time spent in this place.
 D = Time resting spent in this place.
 E = Time spent auto-exploring this place.
 F = Levels seen in this place.
 G = Mean time per level.
                   A        B        C        D        E       F      G
               +--------+--------+--------+--------+--------+-----+--------+
         Total |    888 |    864 |     24 |      0 |    661 |   3 |  296.0 |
       Dungeon |    888 |    864 |     24 |      0 |    661 |   3 |  296.0 |
               +--------+--------+--------+--------+--------+-----+--------+

Top non-repeatable levels by time:
     D:1: 837 daAuts
     D:4: 28 daAuts
     D:2: 22 daAuts
